FCL
FCL TEXAS RANGERS @ FCL SEATTLE MARINERS
06/08/2042
 
TOP OF THE 1ST
FCL Texas Rangers batting - Pitching for FCL Seattle Mariners : RHP Jim Unknown
Pitching: RHP Jim Unknown
Batting: RHB Steve Jenkins 0-0: Ball
1-0: SINGLE (Line Drive, 3D, EV 94.4 MPH)
Batting: RHB Tony Pozziano 0-0: Called Strike
0-1: Called Strike
0-2: Ball
1-2: Strikes out looking
Batting: LHB Chris Holman 0-0: Called Strike
0-1: Hit by Pitch
Steve Jenkins to second
Batting: LHB Jim Clay 0-0: Called Strike
0-1: Ball
1-1: Ball
2-1: DOUBLE (Flyball, 8LXD, EV 103.8 MPH)
Steve Jenkins scores
Chris Holman to third
Runner from 3rd tries for Home, SAFE, throw by CF to trailing runner, SAFE at third!
Batting: RHB Dave Welch 0-0: Ball
1-0: SINGLE (Flyball, 5D, EV 88.1 MPH)
Jim Clay scores
Batting: SHB Wally Davis 0-0: Called Strike
0-1: Called Strike
0-2: Ball
1-2: Fly out, F8 (Flyball, 8RS, EV 77.5 MPH)
Batting: RHB Robbie Peters 0-0: Called Strike
0-1: Ball
1-1: Ball
2-1: Swinging Strike
2-2: Strikes out swinging
Top of the 1st over - 3 runs, 3 hits, 0 errors, 1 left on base; FCL Texas 3 - FCL Seattle 0
BOTTOM OF THE 1ST
FCL Seattle Mariners batting - Pitching for FCL Texas Rangers : RHP Jim Unknown
Pitching: RHP Jim Unknown
Batting: RHB Mike Johnson 0-0: Foul Ball, location: 9LDF
0-1: Foul Ball, location: 9LSF
0-2: Ball
1-2: Strikes out swinging
Batting: RHB José Méndez 0-0: Ball
1-0: Swinging Strike
1-1: Ball
2-1: Ball
3-1: Base on Balls
Batting: LHB Rusty Jones 0-0: Ball
1-0: Ball
2-0: Called Strike
2-1: Swinging Strike
2-2: Strikes out swinging
Batting: LHB Bud Erwin 0-0: Ball
José Méndez steals 2nd base
1-0: Ball
2-0: Called Strike
2-1: Ball
3-1: Base on Balls
Batting: RHB Mike Henderson 0-0: Ball
1-0: Ball
2-0: Called Strike
2-1: Foul Ball, location: 2F
2-2: Foul Ball, location: 25F
2-2: Strikes out swinging
Bottom of the 1st over - 0 runs, 0 hits, 0 errors, 2 left on base; FCL Texas 3 - FCL Seattle 0
TOP OF THE 2ND
FCL Texas Rangers batting - Pitching for FCL Seattle Mariners : RHP Jim Unknown
Batting: RHB Nabil Bourgeois 0-0: Called Strike
0-1: Called Strike
0-2: Foul Ball, location: 9LDF
0-2: Strikes out looking
Batting: RHB Cliff Vincent 0-0: Ball
1-0: Foul Ball, location: 25F
1-1: Fly out, F9 (Flyball, 89M, EV 89.4 MPH)
Batting: RHB Steve Jenkins 0-0: Ball
1-0: Called Strike
1-1: Ball
2-1: Foul Ball, location: 3F
2-2: Strikes out swinging
Top of the 2nd over - 0 runs, 0 hits, 0 errors, 0 left on base; FCL Texas 3 - FCL Seattle 0
BOTTOM OF THE 2ND
FCL Seattle Mariners batting - Pitching for FCL Texas Rangers : RHP Jim Unknown
Batting: LHB Rob Jackson 0-0: Ball
1-0: Ball
2-0: Ground out U3 (Groundball, 34, EV 81.3 MPH)
Batting: RHB Jeff Sargent 0-0: Called Strike
0-1: Swinging Strike
0-2: Hit by Pitch
Batting: RHB Danny Sanders 0-0: Called Strike
Jeff Sargent is caught stealing 2nd base 2-4
0-1: Ball
1-1: Foul Ball, location: 2F
1-2: Strikes out swinging
Bottom of the 2nd over - 0 runs, 0 hits, 0 errors, 0 left on base; FCL Texas 3 - FCL Seattle 0
TOP OF THE 3RD
FCL Texas Rangers batting - Pitching for FCL Seattle Mariners : RHP Jim Unknown
Batting: RHB Tony Pozziano 0-0: Ball
1-0: Ball
2-0: Foul Ball, location: 3DF
2-1: Ground out 4-3 (Groundball, 4, EV 87.5 MPH)
Batting: LHB Chris Holman 0-0: Called Strike
0-1: Swinging Strike
0-2: Ball
1-2: Ball
2-2: Fly out, F8 (Flyball, 8RM, EV 95.6 MPH)
Batting: LHB Jim Clay 0-0: Called Strike
0-1: Ball
1-1: Foul Ball, location: 25F
1-2: Hit by Pitch
Batting: RHB Dave Welch 0-0: Fly out, F7 (Flyball, 7D, EV 101.3 MPH)
Top of the 3rd over - 0 runs, 0 hits, 0 errors, 1 left on base; FCL Texas 3 - FCL Seattle 0
BOTTOM OF THE 3RD
FCL Seattle Mariners batting - Pitching for FCL Texas Rangers : RHP Jim Unknown
Batting: RHB Jim Unknown 0-0: Foul Ball, location: 2F
0-1: Swinging Strike
0-2: Ball
1-2: SINGLE (Line Drive, 78S, EV 88.1 MPH)
Batting: RHB Mike Johnson 0-0: Foul Ball, location: 5F
0-1: SINGLE (Groundball, 34S, EV 81.9 MPH) (infield hit)
Jim Unknown to second
Batting: RHB José Méndez 0-0: Swinging Strike
0-1: Ball
1-1: Ball
2-1: Sac Bunt to 3S - play at first, batter OUT! 3-1
Jim Unknown to third
Mike Johnson to second
Batting: LHB Rusty Jones 0-0: Called Strike
0-1: Foul Ball, location: 9LDF
0-2: Ball
1-2: Fly out, F7 (Flyball, 7D, EV 96.3 MPH)
Runner from 3rd tags up, SCORES, no throw by LF
Mike Johnson to third
Batting: LHB Bud Erwin 0-0: Called Strike
0-1: Ball
1-1: Ball
2-1: Foul Ball, location: 2LF
2-2: SINGLE (Groundball, 34D, EV 102.5 MPH)
Mike Johnson scores
Batting: RHB Mike Henderson 0-0: Swinging Strike
0-1: Ground out 4-3 (Groundball, 13, EV 88.8 MPH)
Bottom of the 3rd over - 2 runs, 3 hits, 0 errors, 1 left on base; FCL Texas 3 - FCL Seattle 2
TOP OF THE 4TH
FCL Texas Rangers batting - Pitching for FCL Seattle Mariners : RHP Jim Unknown
Batting: SHB Wally Davis 0-0: Ground out 6-3 (Groundball, 6M, EV 107.5 MPH)
Batting: RHB Robbie Peters 0-0: Ball
1-0: Foul Ball, location: 3FF
1-1: Foul Ball, location: 7LDF
1-2: Foul Ball, location: 9LDF
1-2: Strikes out swinging
Batting: RHB Nabil Bourgeois 0-0: Ball
1-0: Swinging Strike
1-1: Foul Ball, location: 9LSF
1-2: Strikes out swinging
Top of the 4th over - 0 runs, 0 hits, 0 errors, 0 left on base; FCL Texas 3 - FCL Seattle 2
BOTTOM OF THE 4TH
FCL Seattle Mariners batting - Pitching for FCL Texas Rangers : RHP Jim Unknown
Batting: LHB Rob Jackson 0-0: Ground out 4-3 (Groundball, 4M, EV 90.6 MPH)
Batting: RHB Jeff Sargent 0-0: Ball
1-0: Ball
2-0: Ball
3-0: Base on Balls
Batting: RHB Danny Sanders 0-0: Called Strike
0-1: Ground out 5-3 (Groundball, 56S, EV 66.9 MPH)
Jeff Sargent to second
Batting: RHB Jim Unknown 0-0: Fly out, F4 (Popup, 34, EV 68.8 MPH)
Bottom of the 4th over - 0 runs, 0 hits, 0 errors, 1 left on base; FCL Texas 3 - FCL Seattle 2
TOP OF THE 5TH
FCL Texas Rangers batting - Pitching for FCL Seattle Mariners : RHP Jim Unknown
Batting: RHB Cliff Vincent 0-0: Called Strike
0-1: Ball
1-1: Foul Ball, location: 2F
1-2: Foul Ball, location: 9LMF
1-2: Ball
2-2: SINGLE (Line Drive, 9LS, EV 100.0 MPH)
DELAY Rain delay of 43 minutes in the 5th inning.
Batting: RHB Steve Jenkins 0-0: Called Strike
0-1: Foul Ball, location: 9LDF
0-2: Strikes out swinging
Batting: RHB Tony Pozziano 0-0: Fielders Choice at 2nd, 5-4 (Groundball, 56S, EV 78.8 MPH)
Batting: LHB Chris Holman 0-0: Called Strike
0-1: Foul Ball, location: 3FF
0-2: Ball
1-2: Strikes out swinging
Top of the 5th over - 0 runs, 1 hit, 0 errors, 1 left on base; FCL Texas 3 - FCL Seattle 2
BOTTOM OF THE 5TH
FCL Seattle Mariners batting - Pitching for FCL Texas Rangers : RHP Jim Unknown
Batting: RHB Mike Johnson 0-0: Ball
1-0: Ball
2-0: Fly out, F3 (Popup, 3SF, EV 73.8 MPH)
Batting: RHB José Méndez 0-0: Called Strike
0-1: Ground out 1-3 (Groundball, 15S, EV 68.1 MPH)
Batting: LHB Rusty Jones 0-0: Called Strike
0-1: SINGLE (Line Drive, 56D, EV 102.5 MPH)
Batting: LHB Bud Erwin 0-0: Ball
1-0: Called Strike
1-1: Fly out, F5 (Popup, 56, EV 73.8 MPH)
Bottom of the 5th over - 0 runs, 1 hit, 0 errors, 1 left on base; FCL Texas 3 - FCL Seattle 2
TOP OF THE 6TH
FCL Texas Rangers batting - Pitching for FCL Seattle Mariners : RHP Jim Unknown
Batting: LHB Jim Clay 0-0: Ball
1-0: Ball
2-0: Foul Ball, location: 23F
2-1: Swinging Strike
2-2: Ball
3-2: Strikes out swinging
Batting: RHB Dave Welch 0-0: Called Strike
0-1: Foul Ball, location: 5FF
0-2: Ground out 1-3 (Groundball, 13, EV 68.8 MPH)
Batting: SHB Wally Davis 0-0: TRIPLE (Flyball, 7D, EV 100.6 MPH)
Batting: RHB Robbie Peters 0-0: Called Strike
0-1: Ball
1-1: Called Strike
1-2: Ball
2-2: Ball
3-2: Strikes out swinging
Top of the 6th over - 0 runs, 1 hit, 0 errors, 1 left on base; FCL Texas 3 - FCL Seattle 2
BOTTOM OF THE 6TH
FCL Seattle Mariners batting - Pitching for FCL Texas Rangers : RHP Jim Unknown
Batting: RHB Mike Henderson 0-0: Called Strike
0-1: Swinging Strike
0-2: Foul Ball, location: 9LDF
0-2: Strikes out looking
Batting: LHB Rob Jackson 0-0: Called Strike
0-1: Fly out, F7 (Flyball, 7, EV 86.9 MPH)
Batting: RHB Jeff Sargent 0-0: Called Strike
0-1: Swinging Strike
0-2: Ball
1-2: Foul Ball, location: 5F
1-2: Ball
2-2: Ball
3-2: Base on Balls
Pitching: RHP Jim Unknown
Pinch Hitting: RHB Jim Unknown 0-0: Called Strike
0-1: Ball
1-1: Ball
2-1: Swinging Strike
2-2: Strikes out swinging
Bottom of the 6th over - 0 runs, 0 hits, 0 errors, 1 left on base; FCL Texas 3 - FCL Seattle 2
TOP OF THE 7TH
FCL Texas Rangers batting - Pitching for FCL Seattle Mariners : RHP Jim Unknown
Pitching: RHP Jim Unknown
Now at SS: Jim Unknown
Batting: RHB Nabil Bourgeois 0-0: Ball
1-0: Swinging Strike
1-1: Foul Ball, location: 9LSF
1-2: Strikes out swinging
Batting: RHB Cliff Vincent 0-0: Fly out, F9 (Flyball, 89M, EV 93.8 MPH)
Batting: RHB Steve Jenkins 0-0: Swinging Strike
0-1: Swinging Strike
0-2: Strikes out swinging
Top of the 7th over - 0 runs, 0 hits, 0 errors, 0 left on base; FCL Texas 3 - FCL Seattle 2
BOTTOM OF THE 7TH
FCL Seattle Mariners batting - Pitching for FCL Texas Rangers : RHP Jim Unknown
Batting: RHB Jim Unknown 0-0: Foul Ball, location: 9LSFF
0-1: Ball
1-1: Called Strike
1-2: Ball
2-2: Foul Ball, location: 2LF
2-2: Fly out, F9 (Flyball, 9LM, EV 98.1 MPH)
Batting: RHB Mike Johnson 0-0: DOUBLE (Groundball, 5L, EV 96.9 MPH)
Batting: RHB José Méndez 0-0: Ball
1-0: Foul Ball, location: 3FF
1-1: Ball
2-1: Called Strike
2-2: Foul Ball, location: 3F
2-2: Strikes out looking
Batting: LHB Rusty Jones 0-0: Ball
1-0: Swinging Strike
1-1: Ball
2-1: Swinging Strike
2-2: Ball
3-2: Base on Balls
Batting: LHB Bud Erwin 0-0: Foul Ball, location: 9LSF
Balk!
Mike Johnson to third
Rusty Jones to second
0-1: Called Strike
0-2: Foul Ball, location: 5F
0-2: Ball
1-2: Ball
2-2: Strikes out swinging
Bottom of the 7th over - 0 runs, 1 hit, 0 errors, 2 left on base; FCL Texas 3 - FCL Seattle 2
TOP OF THE 8TH
FCL Texas Rangers batting - Pitching for FCL Seattle Mariners : RHP Jim Unknown
Pinch Hitting: LHB Sergio Villa 0-0: Ball
1-0: Ball
2-0: Swinging Strike
2-1: Foul Ball, location: 7LDF
2-2: Ball
3-2: SINGLE (Line Drive, 5L, EV 69.4 MPH)
Batting: LHB Chris Holman 0-0: Ball
1-0: Ball
Sergio Villa steals 2nd base
2-0: Intentional Walk
Batting: LHB Jim Clay 0-0: Ball
1-0: Called Strike
1-1: Grounds into double play, 6-4-3 (Groundball, 6, EV 85.0 MPH)
Sergio Villa to third
Pinch Hitting: SHB Tomás Vázquez 0-0: Ball
1-0: Ball
2-0: Foul Ball, location: 2F
2-1: Called Strike
2-2: Foul Ball, location: 2F
2-2: Strikes out swinging
Top of the 8th over - 0 runs, 1 hit, 0 errors, 1 left on base; FCL Texas 3 - FCL Seattle 2
BOTTOM OF THE 8TH
FCL Seattle Mariners batting - Pitching for FCL Texas Rangers : RHP Jim Unknown
Now in CF: Dan Lee
Now in RF: Bob Ross
Batting: RHB Mike Henderson 0-0: Ball
1-0: Foul Ball, location: 9LMF
1-1: Ball
2-1: Ball
3-1: Base on Balls
Pinch Hitting: RHB José Pinto 0-0: Swinging Strike
0-1: Bunted foul
0-2: Ball
1-2: Fly out, F2 (Popup, 23F, EV 46.3 MPH)
Batting: RHB Jeff Sargent 0-0: Called Strike
0-1: Called Strike
0-2: Ball
1-2: Ball
2-2: Ball
3-2: Base on Balls
Mike Henderson to second
Pinch Hitting: RHB Chris Elliott 0-0: Foul Ball, location: 2LF
0-1: Foul Ball, location: 2F
0-2: Strikes out swinging
Batting: RHB Jim Unknown 0-0: Ball
1-0: DOUBLE (Flyball, 89D, EV 98.1 MPH)
Mike Henderson scores
Jeff Sargent to third
Batting: RHB Mike Johnson 0-0: Ground out 3-1 (Groundball, 34, EV 96.9 MPH)
Bottom of the 8th over - 1 run, 1 hit, 0 errors, 2 left on base; FCL Texas 3 - FCL Seattle 3
TOP OF THE 9TH
FCL Texas Rangers batting - Pitching for FCL Seattle Mariners : RHP Jim Unknown
Now at SS: Jim Unknown
Now in LF: José Pinto
Pinch Hitting: RHB Chris Hughes 0-0: Called Strike
0-1: Ball
1-1: Foul Ball, location: 9LMF
1-2: Strikes out swinging
Pinch Hitting: RHB Enrico Villa 0-0: Called Strike
0-1: Swinging Strike
0-2: Strikes out swinging
Batting: RHB Nabil Bourgeois 0-0: Ball
1-0: Called Strike
1-1: Foul Ball, location: 2F
1-2: Foul Ball, location: 2F
1-2: Foul Ball, location: 9LMF
1-2: Foul Ball, location: 3DF
1-2: Ball
2-2: Strikes out swinging
Top of the 9th over - 0 runs, 0 hits, 0 errors, 0 left on base; FCL Texas 3 - FCL Seattle 3
BOTTOM OF THE 9TH
FCL Seattle Mariners batting - Pitching for FCL Texas Rangers : RHP Jim Unknown
Pitching: LHP Jim Unknown
Now at 3B: Torazo Iwata
Now in LF: Enrico Villa
Batting: RHB José Méndez 0-0: Foul Ball, location: 7LSF
0-1: Ball
1-1: Called Strike
1-2: Strikes out swinging
Batting: LHB Rusty Jones 0-0: Ball
1-0: Ball
2-0: Foul Ball, location: 2F
2-1: Called Strike
2-2: Strikes out swinging
Batting: LHB Bud Erwin 0-0: SOLO HOME RUN (Line Drive, 89XD, EV 101.9 MPH), Distance : 412 ft
Bottom of the 9th over - 1 run, 1 hit, 0 errors, 0 left on base; FCL Texas 3 - FCL Seattle 4
Friday, May 3rd , 2024 - OOTP Baseball 24.10 Build 82